[Event "Late-Titled-Tuesday-Blitz-April-02-2024"]
[Site "Chess.com"]
[Date "2024.04.02"]
[Round "10"]
[White "Practical-Play"]
[Black "BardArtem"]
[Result "0-1"]
[WhiteElo "2520"]
[BlackElo "2815"]
[TimeControl "180+1"]
[EndTime "15:52:11 PDT"]
[Termination "BardArtem won by checkmate"]

1. e4 d5 2. exd5 Qxd5 3. Nc3 Qe5+ 4. Be2 Bg4 5. d4 Bxe2 6. Ngxe2 Qa5 7. O-O Nf6 8. b4 Qxb4 9. Rb1 Qc4 10. Rxb7 e6 11. Bf4 Na6 12. Nb5 Nd5 13. Bg3 O-O-O 14. Qb1 Bb4 15. Rxa7 Qxb5 16. c4 Qxc4 17. Rc1 Qxe2 18. a3 Kb8 19. axb4 Kxa7 20. b5 Rb8 21. Rc6 Qxb5 22.
Qc1 Qb1 23. h3 Qxc1+ 24. Rxc1 Rb4 25. f3 Rhb8 26. Bf2 Rb1 27. Rxb1 Rxb1+ 28. Kh2 Rb2 29. Bg3 Ne3 30. d5 Nf1+ 31. Kg1 Nxg3 32. dxe6 fxe6 33. h4 h5 34. f4 Kb6 35. f5 exf5 36. Kh2 f4 37. Kh3 Kc5 38. Kh2 Kd6 39. Kg1 Kd7 40. Kh2 Kd8 41. Kh3 Ke8 42. Kh2 Kf8 43.
Kg1 Kg8 44. Kh2 Kh8 45. Kh3 g6 46. Kh2 Kg7 47. Kg1 Kf6 48. Kh2 Kf5 49. Kh3 Ke5 50. Kh2 Kd5 51. Kg1 c6 52. Kh2 Kc5 53. Kh3 Kb5 54.
Kh2 c5 55. Kg1 c4 56. Kh2 Kb4 57. Kh3 Ka4 58. Kh2 Ka3 59. Kg1 Kb3 60. Kh2 Kc3 61.
Kh3 Kd3 62. Kh2 Ke3 63. Kg1 Ke4 64. Kh2 Kf5 65. Kh3 c3 66. Kh2 Nc5 67. Kg1 Kf6 68. Kh2 Kf7 69. Kh3 Rc2 70. Kh2 Rd2 71. Kg1 Re2 72. Kh2 c2 73. Kh3 Ke7 74. Kh2 Kd7 75. Kg1 Kc7 76. Kh2 Kb7 77. Kh3 Ka7 78. Kh2 Ka6 79. Kg1 Ka5 80. Kh2 Ka4 81. Kh3 c1=Q 82.
Kh2 Nd3 83. Kh3 g5 84. Kh2 Kb3 85. Kh3 Kc4 86. hxg5 Qh1# 0-1

[Event "Late-Titled-Tuesday-Blitz-April-02-2024"]
[Site "Chess.com"]
[Date "2024.04.02"]
[Round "10"]
[White "HajiyevKanan"]
[Black "1g60-1"]
[Result "1-0"]
[WhiteElo "2592"]
[BlackElo "2398"]
[TimeControl "180+1"]
[EndTime "15:52:17 PDT"]
[Termination "HajiyevKanan won by resignation"]

1. d4 e6 2. Nf3 f5 3. c4 Nf6 4.
g3 Be7 5. Bg2 O-O 6. O-O d6 7. b3 a5 8. Bb2 a4 9. Qc2 Ne4 10.
Nbd2 a3 11. Bc3 Nxc3 12. Qxc3 f4 13. e4 fxe3 14. fxe3 Nc6 15. Rac1 Bd7 16. b4 Bf6 17. b5 Ne7 18. Ne4 Nf5 19. Nxf6+ Rxf6 20. Qd3 Qe7 21. Rc3 e5 22. dxe5 dxe5 23. Qd5+ Rf7 24. Nxe5 Be6 25. Qxb7 Raf8 26. Nxf7 Rxf7 27. Bd5 h5 28.
Qa8+ Rf8 29. Qxa3 Qf6 30. Bxe6+ Qxe6 31. Qc5 Rf7 32. Qd5 Qg6 33. e4 Nd6 34. Rxf7 Nxf7 35. Rf3 Qb6+ 36. c5 Qg6 1-0

[Event "Late-Titled-Tuesday-Blitz-April-02-2024"]
[Site "Chess.com"]
[Date "2024.04.02"]
[Round "10"]
[White "Sanan_Sjugirov"]
[Black "bascheyaro"]
[Result "0-1"]
[WhiteElo "2949"]
[BlackElo "2839"]
[TimeControl "180+1"]
[EndTime "15:52:23 PDT"]
[Termination "bascheyaro won by resignation"]

1. d4 d5 2. c4 c6 3. Nf3 Nf6 4. Nc3 a6 5. c5 Bf5 6. Bf4 Nbd7 7. e3 e6 8. h3 Be7 9. Bd3 Bxd3 10. Qxd3 O-O 11. O-O Re8 12. b4 b5 13. a4 Qc8 14.
Ne5 Nxe5 15. Bxe5 Nd7 16. Bg3 Bf6 17. f4 Qb7 18. a5 g6 19. Bh2 Bg7 20. g4 f5 21. Bg3 Nf6 22. Bh4 Ne4 23. Nxe4 dxe4 24. Qe2 Qd7 25. Rf2 Qd5 26. Rg2 Kf7 27. Kh2 Rg8 28.
Rag1 Rab8 29. Bg5 Qc4 30. Qe1 Rbf8 31. Qh4 h6 32. Be7 Re8 33. Bd6 Bf6 34. Qe1 h5 35. gxh5 gxh5 36. Qd1 Rxg2+ 37. Rxg2 Rh8 38. Be5 Qd3 39.
Qxd3 exd3 40. Bxf6 Kxf6 41. Kg1 Rg8 0-1

[Event "Late-Titled-Tuesday-Blitz-April-02-2024"]
[Site "Chess.com"]
[Date "2024.04.02"]
[Round "10"]
[White "Sesleria"]
[Black "TheMagician"]
[Result "0-1"]
[WhiteElo "2163"]
[BlackElo "2312"]
[TimeControl "180+1"]
[EndTime "15:52:25 PDT"]
[Termination "TheMagician won by resignation"]

1. c4 e5 2. Nc3 Nf6 3. e3 g6 4. Nf3 d6 5. d4 exd4 6. Nxd4 Bg7 7. Be2 O-O 8. O-O Nbd7 9. b3 Nc5 10. Bb2 Re8 11. Rc1 a6 12. Nd5 Ne6 13. Bf3 Ng5 14. Be2 c6 15. Nf4 h5 16. Ba3 c5 17.
Nf3 Nge4 18. Bb2 Bd7 19. Bd3 Bc6 20. Bxe4 Bxe4 21. Bxf6 Bxf6 22. Nd5 Bb2 23. Qd4 Bxd4 0-1

[Event "Late-Titled-Tuesday-Blitz-April-02-2024"]
[Site "Chess.com"]
[Date "2024.04.02"]
[Round "10"]
[White "GlavkonVVS"]
[Black "Fengwi"]
[Result "1-0"]
[WhiteElo "2605"]
[BlackElo "2468"]
[TimeControl "180+1"]
[EndTime "15:52:26 PDT"]
[Termination "GlavkonVVS won on time"]

1. c4 e6 2. Nc3 d5 3. d4 a6 4. e3 Nf6 5. g4 Bb4 6. Bd2 dxc4 7.
Bxc4 b5 8. Be2 c5 9. a3 Bxc3 10. Bxc3 cxd4 11. Qxd4 Qxd4 12. Bxd4 Bb7 13. Bf3 Bxf3 14.
Nxf3 Nc6 15. Bc3 Nd5 16. Rc1 Rc8 17. Ke2 Kd7 18. Bxg7 Rhg8 19. Ne5+ Nxe5 20. Bxe5 Rxg4 21. Rxc8 Kxc8 22. Rc1+ Kd7 23. Bg3 h5 24. f3 Rc4 25.
Rxc4 bxc4 26. e4 Nb6 27. Be5 Kc6 28. Ke3 Na4 29. Kf4 Nc5 30. Kg5 Nd3 31. Bc3 Kb5 32.
Kxh5 Ka4 33. Kg5 Kb3 34. h4 Nxb2 35. Bd2 Kc2 36. Bf4 Nd3 37. Be3 c3 38. h5 Kb3 39.
h6 c2 40. h7 1-0

[Event "Late-Titled-Tuesday-Blitz-April-02-2024"]
[Site "Chess.com"]
[Date "2024.04.02"]
[Round "10"]
[White "Koalaskakistis"]
[Black "OlaaLa"]
[Result "1-0"]
[WhiteElo "2543"]
[BlackElo "2411"]
[TimeControl "180+1"]
[EndTime "15:52:26 PDT"]
[Termination "Koalaskakistis won by resignation"]

1. e4 e5 2. Nf3 Nc6 3. d4 exd4 4.
Bc4 Nf6 5. O-O d6 6. Nxd4 Ne5 7. Bb3 Be7 8. f4 Bf5 9. fxe5 Bg4 10. exf6 Bxd1 11.
fxe7 Qxe7 12. Rxd1 O-O-O 13. Nc3 c6 14. Bf4 g6 15.
Rd2 h5 16. Rad1 h4 17. Nf3 f6 18. Bxd6 Qe8 19. e5 h3 20. e6 b5 21. e7 Rxd6 22.
Rxd6 Qxe7 23. Rxc6+ Kb7 24. Re6 Qc5+ 25. Kf1 hxg2+ 26.
Kxg2 Qf5 27. Re7+ Kb8 28. Be6 Qxc2+ 29. Rd2 Qc1 30. Ne4 g5 31. Nxf6 Qc5 32. Nd7+ 1-0

[Event "Late-Titled-Tuesday-Blitz-April-02-2024"]
[Site "Chess.com"]
[Date "2024.04.02"]
[Round "10"]
[White "ATM622"]
[Black "Zq1"]
[Result "1/2-1/2"]
[WhiteElo "2524"]
[BlackElo "2618"]
[TimeControl "180+1"]
[EndTime "15:52:33 PDT"]
[Termination "Game drawn by agreement"]

1. d4 Nf6 2. c4 a6 3. g3 c5 4. d5 b5 5. Nd2 d6 6. Bg2 g6 7.
Ngf3 Bg7 8. O-O O-O 9. e4 Ra7 10. Re1 e6 11. a4 exd5 12. axb5 d4 13. e5 Ne8 14. Ne4 Qb6 15. exd6 axb5 16. Rxa7 Qxa7 17. cxb5 Bf5 18. Neg5 Nxd6 19. Nh4 h6 20. Nxf5 Nxf5 21.
Ne4 Qb6 22. Bf1 Nd7 23. Bf4 Ne5 24. Bxe5 Bxe5 25. Bc4 Nd6 26. Nxd6 Qxd6 27. f4 Bf6 28. Qd3 Kg7 29. f5 g5 30. Qe4 Rd8 31. Qd3 Rd7 32. Re8 Re7 33. Rxe7 Bxe7 34. Qe4 Bf6 35. Kg2 h5 36. Qb7 Be7 37. b6 Kf6 38. Qc7 Qe5 39.
Qxe5+ Kxe5 40. b7 Bd6 41. Bxf7 h4 42. gxh4 gxh4 43. Kf3 Kxf5 44. h3 Kf6 45. Bc4 Ke5 46. b3 Bb8 47. Bd3 1/2-1/2

[Event "Late-Titled-Tuesday-Blitz-April-02-2024"]
[Site "Chess.com"]
[Date "2024.04.02"]
[Round "10"]
[White "Meri-Arabidze"]
[Black "DeArron_Fox"]
[Result "1-0"]
[WhiteElo "2692"]
[BlackElo "2533"]
[TimeControl "180+1"]
[EndTime "15:52:35 PDT"]
[Termination "Meri-Arabidze won by resignation"]

1. d4 d5 2. c4 e6 3. Nc3 Nf6 4. cxd5 exd5 5. Bg5 c6 6. e3 Be7 7. Bd3 Nbd7 8. Qc2 Nh5 9. Bxe7 Qxe7 10. Nge2 g6 11.
O-O O-O 12. Rab1 a5 13. a3 Nhf6 14. b4 axb4 15. axb4 Nb6 16. b5 c5 17. dxc5 Qxc5 18. Rfc1 Nc4 19. Nxd5 Qxd5 20. Bxc4 Qe5 21. Nf4 Bf5 22. Bd3 Rac8 23. Qe2 Ne4 24. Bxe4 Bxe4 25. Ra1 h5 26. h3 Rxc1+ 27. Rxc1 Rd8 28. h4 Kg7 29. b6 Rd6 30. Rc7 Rxb6 31. Qc4 Rb1+ 32. Kh2 Bf5 33. Qxf7+ 1-0

[Event "Late-Titled-Tuesday-Blitz-April-02-2024"]
[Site "Chess.com"]
[Date "2024.04.02"]
[Round "10"]
[White "WilsonPalencia21"]
[Black "Mops_2004"]
[Result "0-1"]
[WhiteElo "2607"]
[BlackElo "2802"]
[TimeControl "180+1"]
[EndTime "15:52:37 PDT"]
[Termination "Mops_2004 won by resignation"]

1. d4 g6 2. c4 Bg7 3. Nf3 d6 4. Nc3 e5 5. d5 a5 6. e4 Na6 7. h3 Nc5 8. Bd3 Nxd3+ 9. Qxd3 f5 10. Bg5 Nf6 11. O-O-O O-O 12. Nd2 h6 13. Bxf6 Qxf6 14.
Kb1 Bd7 15. f3 a4 16. g4 fxg4 17. hxg4 Rf7 18. Qe3 Qf4 19. Qxf4 Rxf4 20. Ne2 Rf7 21. Rc1 Bf8 22. Rc3 Kg7 23. Nc1 b6 24. Nd3 Be7 25.
Ne1 Rh8 26. Nf1 h5 27. gxh5 Rxh5 28. Rg1 Rh3 29. Rc2 Bh4 30. Nd2 Rh2 31. Kc1 Bf2 32. Rg2 Rh1 33. Nf1 Bxe1 34. Ne3 0-1

[Event "Late-Titled-Tuesday-Blitz-April-02-2024"]
[Site "Chess.com"]
[Date "2024.04.02"]
[Round "10"]
[White "Hamisandwich"]
[Black "flawian2008"]
[Result "1-0"]
[WhiteElo "2724"]
[BlackElo "2559"]
[TimeControl "180+1"]
[EndTime "15:52:37 PDT"]
[Termination "Hamisandwich won by resignation"]

1. e4 c5 2. Nc3 Nc6 3. Bb5 Nd4 4. Nf3 e6 5. O-O a6 6. Bd3 Nc6 7. b3 Nf6 8. Bb2 d6 9. Be2 Be7 10. d4 cxd4 11. Nxd4 O-O 12. Qd2 Bd7 13. Rad1 Rc8 14.
Nxc6 Bxc6 15. Bf3 Qc7 16. a4 Rfd8 17. Qf4 b5 18. axb5 axb5 19. Rd2 b4 20. Ne2 d5 21. e5 Ne4 22. Bxe4 dxe4 23. Rfd1 Bd5 24. Ng3 f5 25. h4 Qa7 26. Nxf5 Bc5 27. Nd4 Rf8 28. Qg3 Qa2 29. Ba1 Rf7 30. Qg4 Rcf8 31. Nxe6 Bxf2+ 32. Rxf2 e3 33. Rxf7 Rxf7 34. Nf4 Qxc2 35. Rxd5 Qf2+ 36.
Kh2 Rxf4 37. Qe6+ 1-0

[Event "Late-Titled-Tuesday-Blitz-April-02-2024"]
[Site "Chess.com"]
[Date "2024.04.02"]
[Round "10"]
[White "TanitoluwaAps116"]
[Black "ozates"]
[Result "1-0"]
[WhiteElo "2796"]
[BlackElo "2583"]
[TimeControl "180+1"]
[EndTime "15:52:38 PDT"]
[Termination "TanitoluwaAps116 won by resignation"]

1. e4 e5 2. Nf3 Nc6 3. Bc4 Nf6 4. d3 Be7 5. c3 O-O 6. Bg5 d6 7. O-O h6 8. Be3 d5 9. exd5 Nxd5 10. Qe2 Bg4 11.
h3 Bh5 12. Nbd2 Kh8 13. d4 exd4 14. cxd4 f5 15. Nb3 Bf6 16. Rad1 Re8 17. Qd3 Bxf3 18.
gxf3 Bg5 19. Qxf5 Nxe3 20. fxe3 Bxe3+ 21. Kh1 Rf8 22. Qe4 Bf4 23. Bd3 g6 24. Qxg6 Qd7 25. Qh5 Rg8 26. Nc5 Qxd4 27. Qf5 Rg7 28. Ne6 Qe5 29.
Nxg7 Kxg7 30. Rg1+ Bg5 31. Qxe5+ 1-0

[Event "Late-Titled-Tuesday-Blitz-April-02-2024"]
[Site "Chess.com"]
[Date "2024.04.02"]
[Round "10"]
[White "dolynachess"]
[Black "LeninGuerra"]
[Result "1/2-1/2"]
[WhiteElo "2552"]
[BlackElo "2715"]
[TimeControl "180+1"]
[EndTime "15:52:38 PDT"]
[Termination "Game drawn by repetition"]

1. d4 Nf6 2. c4 c5 3. Nf3 cxd4 4. Nxd4 e5 5. Nc2 Nc6 6. Nc3 d6 7. g3 Be6 8. Ne3 Be7 9. Bg2 Rc8 10. O-O O-O 11.
b3 a6 12. Ned5 Bxd5 13. Nxd5 Nxd5 14. Bxd5 b5 15. Bb2 Nb4 16. cxb5 axb5 17. Bg2 Bf6 18. a3 Nc6 19. Rc1 Qd7 20. Qd2 Ne7 21. Rfd1 Rxc1 22. Bxc1 Rd8 23. Bd5 h6 24. Bb2 Rc8 25. e4 Qc7 26.
Rc1 Qb8 27. Rxc8+ Qxc8 28. Qd3 Qc5 29. Bb7 Qb6 30. Bd5 Qc5 31. Bb7 Qb6 32. Bd5 Qc5 1/2-1/2

[Event "Late-Titled-Tuesday-Blitz-April-02-2024"]
[Site "Chess.com"]
[Date "2024.04.02"]
[Round "10"]
[White "Viktoker"]
[Black "Quattroporte300"]
[Result "0-1"]
[WhiteElo "2504"]
[BlackElo "2498"]
[TimeControl "180+1"]
[EndTime "15:52:38 PDT"]
[Termination "Quattroporte300 won by checkmate"]

1. e4 c5 2. Nf3 Nc6 3. d4 cxd4 4.
Nxd4 e5 5. Nb5 d6 6. N1c3 a6 7. Na3 Be6 8. Bd3 b5 9. Nab1 Be7 10. O-O Nf6 11. a4 b4 12. Ne2 O-O 13.
Ng3 d5 14. exd5 Qxd5 15. Nd2 Rfd8 16. Qe2 Nd4 17. Qe1 a5 18. Nde4 Qd7 19. Bg5 Nxe4 20. Nxe4 f5 21. Bxe7 Qxe7 22. Ng3 Qg5 23. Qxe5 Rd5 24.
Qc7 Rc8 25. Qb6 Rc6 26. Qa7 h5 27. f4 Qg4 28. Rae1 h4 29. Ne2 h3 30. g3 Nf3+ 31. Kf2 Nxh2 32. Ng1 Nxf1 33. Be2 Qxg3+ 34. Kxf1 Qg2# 0-1

[Event "Late-Titled-Tuesday-Blitz-April-02-2024"]
[Site "Chess.com"]
[Date "2024.04.02"]
[Round "10"]
[White "PawnEatingZombie"]
[Black "jcmesafischer"]
[Result "0-1"]
[WhiteElo "2183"]
[BlackElo "2363"]
[TimeControl "180+1"]
[EndTime "15:52:38 PDT"]
[Termination "jcmesafischer won by checkmate"]

1. e4 c5 2. c3 d5 3. exd5 Nf6 4. Bb5+ Bd7 5. Bxd7+ Qxd7 6. c4 e6 7. dxe6 fxe6 8. Nf3 Nc6 9. O-O Bd6 10. Re1 O-O 11.
Nc3 a6 12. Qe2 Rae8 13. d3 Ng4 14. h3 Nge5 15. Nxe5 Nxe5 16. Ne4 Bb8 17. Be3 Qxd3 18. Qxd3 Nxd3 19. Re2 b6 20. Rd1 Nb4 21. a3 Nc6 22.
Rd7 Rf7 23. Rxf7 Kxf7 24. b4 cxb4 25. axb4 b5 26. cxb5 axb5 27. Bc5 h6 28. Ra2 Rd8 29. Ra6 Rd1# 0-1

[Event "Late-Titled-Tuesday-Blitz-April-02-2024"]
[Site "Chess.com"]
[Date "2024.04.02"]
[Round "10"]
[White "Cluke86"]
[Black "Cuchulin"]
[Result "1-0"]
[WhiteElo "2319"]
[BlackElo "2128"]
[TimeControl "180+1"]
[EndTime "15:52:38 PDT"]
[Termination "Cluke86 won on time"]

1. e4 c5 2. Nc3 Nc6 3. f4 g6 4.
Nf3 Bg7 5. a4 d6 6. Bb5 Bd7 7.
d3 Nf6 8. O-O O-O 9. Bxc6 Bxc6 10.
Qe1 d5 11. e5 Ng4 12. h3 Nh6 13. g4 e6 14. Qg3 Kh8 15. Bd2 d4 16. Ne4 Bxe4 17.
dxe4 d3 18. c3 c4 19. Kg2 Qb6 20. Rab1 Ng8 21. Nd4 Ne7 22. h4 Kg8 23. h5 Nc6 24. Nb5 a6 25. Nd6 Qb3 26. Rh1 Rfd8 27. hxg6 hxg6 28.
Qh4 Qc2 29. Rbd1 Qxb2 30. Qh7+ Kf8 31. Nxb7 Qxb7 32. Be3 Na5 33. Bc5+ Ke8 34. Qg8+ Kd7 35. Qxf7+ Kc6 36. Be7 Rd7 37. Qxe6+ Kc7 38. Kf3 1-0

[Event "Late-Titled-Tuesday-Blitz-April-02-2024"]
[Site "Chess.com"]
[Date "2024.04.02"]
[Round "10"]
[White "ploxoi"]
[Black "CURRUTACO59"]
[Result "1-0"]
[WhiteElo "2444"]
[BlackElo "2249"]
[TimeControl "180+1"]
[EndTime "15:52:42 PDT"]
[Termination "ploxoi won on time"]

1. d4 Nf6 2. Nf3 e6 3. c4 Bb4+ 4. Bd2 Bxd2+ 5. Qxd2 O-O 6. Nc3 d5 7. g3 Qe7 8. Bg2 Rd8 9. O-O dxc4 10. Ne5 c5 11. e3 cxd4 12. exd4 Nbd7 13. Nxc4 Rb8 14. Qf4 b6 15. Rfe1 Bb7 16. Bxb7 Rxb7 17. d5 Nc5 18. dxe6 Nd3 19. exf7+ Qxf7 20. Qd2 Qxc4 21. Re3 Rbd7 22. Qc2 Nb4 23. Qf5 Nbd5 24. Nxd5 Qxd5 25. Qc2 Qd2 26. Qc4+ Qd5 27. Qc2 h6 28. Rae1 Kh8 29. Qg6 Qf7 30. Qc2 Rd2 31. Qf5 Rf8 32. Re7 Qh5 33. Qf4 Rd7 34.
Rxd7 Nxd7 35. Qd6 Qf7 36. f4 Nf6 37. Re7 Qc4 38. Kg2 Qc2+ 39. Kh3 Qf5+ 40. Kg2 Qc2+ 41. Kf3 1-0

[Event "Late-Titled-Tuesday-Blitz-April-02-2024"]
[Site "Chess.com"]
[Date "2024.04.02"]
[Round "10"]
[White "DraningWaterHi"]
[Black "expii"]
[Result "0-1"]
[WhiteElo "2253"]
[BlackElo "2234"]
[TimeControl "180+1"]
[EndTime "15:52:49 PDT"]
[Termination "expii won on time"]

1. d4 d5 2. Bf4 c5 3. e3 Nc6 4. Nf3 Nf6 5. Nbd2 e6 6. c3 Bd6 7. Bd3 O-O 8. Ne5 Bxe5 9. dxe5 Nd7 10. Nf3 c4 11. Bxh7+ Kxh7 12. Ng5+ Kg6 13. Qc2+ f5 14. exf6+ Kxf6 15. e4 e5 16. exd5 exf4 17. Nh7+ Kf7 18.
dxc6 Re8+ 19. Kf1 bxc6 20. Qf5+ Nf6 21. Ng5+ Kg8 22. Qxf4 Qd3+ 23. Kg1 Bg4 24. h3 Rad8 0-1

[Event "Late-Titled-Tuesday-Blitz-April-02-2024"]
[Site "Chess.com"]
[Date "2024.04.02"]
[Round "10"]
[White "AmanteDeMoi"]
[Black "Slovineanu"]
[Result "1-0"]
[WhiteElo "2613"]
[BlackElo "2478"]
[TimeControl "180+1"]
[EndTime "15:52:51 PDT"]
[Termination "AmanteDeMoi won by resignation"]

1. Nf3 Nf6 2. e3 d5 3. c4 e6 4. b3 c5 5. Bb2 Nc6 6. cxd5 exd5 7.
Be2 d4 8. Bb5 Bd7 9. O-O Be7 10. Re1 O-O 11. exd4 cxd4 12. Bxc6 bxc6 13. Nxd4 Bc5 14. Nf3 Bg4 15. h3 Bh5 16. Qc2 Bb6 17.
Ne5 Re8 18. Na3 Qd5 19. Nac4 Bc7 20. d4 c5 21. Ne3 Qe4 22. Qxc5 Bb6 23. Qc2 Qf4 24. Qf5 Qh6 25. N3g4 Bxg4 26. Nxg4 Nxg4 27. Qxg4 Rxe1+ 28. Rxe1 Qd2 29. Qe2 Qf4 30. Qe8+ 1-0

[Event "Late-Titled-Tuesday-Blitz-April-02-2024"]
[Site "Chess.com"]
[Date "2024.04.02"]
[Round "10"]
[White "Jahonas"]
[Black "sacrifoice"]
[Result "0-1"]
[WhiteElo "2487"]
[BlackElo "2324"]
[TimeControl "180+1"]
[EndTime "15:52:51 PDT"]
[Termination "sacrifoice won by resignation"]

1. e4 c5 2. Nf3 d6 3. c3 Nf6 4. d3 g6 5. Bg5 Bg7 6. Nbd2 O-O 7. Be2 Nc6 8. O-O Rb8 9. a4 Bd7 10.
Qc2 a6 11. Rfe1 b5 12. axb5 axb5 13. h3 b4 14. Nc4 h6 15. Bf4 Nh5 16. Bh2 bxc3 17.
bxc3 Be6 18. Nfd2 Nf6 19. e5 Ne8 20. exd6 exd6 21. Bf3 Qd7 22. Ne4 Bxc4 23. dxc4 Ne5 24. Bxe5 Bxe5 25. Nxc5 dxc5 26. Rxe5 Qc7 27. Rae1 Nf6 28.
Bd5 Kg7 29. Re7 Qf4 30. Qe2 Rbe8 31. g3 Qf5 32. Kg2 Rxe7 33. Qxe7 Nxd5 34. cxd5 Qxd5+ 35. Qe4 Rd8 36. c4 Qxe4+ 37. Rxe4 Kf6 38. Rf4+ Ke6 39.
Kf3 Rd3+ 40. Ke2 Rc3 41. h4 h5 42. Kd2 Ra3 43. f3 f5 44. Ke2 Ke5 45. Kf2 Ra2+ 46.
Kf1 Rc2 47. Ke1 Rg2 0-1

[Event "Late-Titled-Tuesday-Blitz-April-02-2024"]
[Site "Chess.com"]
[Date "2024.04.02"]
[Round "10"]
[White "AlexeiShirov"]
[Black "ahkashefi2800"]
[Result "1/2-1/2"]
[WhiteElo "2797"]
[BlackElo "2629"]
[TimeControl "180+1"]
[EndTime "15:52:55 PDT"]
[Termination "Game drawn by repetition"]

1. e4 d6 2. d4 g6 3. Nc3 Nf6 4. f4 Bg7 5. Nf3 O-O 6. e5 dxe5 7. fxe5 Nd5 8. Bc4 Nb6 9. Bb3 c5 10. dxc5 Qxd1+ 11. Nxd1 N6d7 12. e6 Nxc5 13. exf7+ Kh8 14.
Bc4 Nc6 15. Ne3 Be6 16. Ng5 Bxc4 17. Nxc4 h6 18. Nf3 Rxf7 19. Be3 Na4 20. O-O b5 21. Ncd2 Nxb2 22. Rae1 a6 23. Ne4 Na4 24. Nh4 Rxf1+ 25. Rxf1 Kh7 26. Rf3 Ne5 27. Rh3 Ng4 28. Bd2 Nc5 29.
Nxc5 Bd4+ 30. Kf1 Rf8+ 31. Nf3 Bxc5 32. Ke2 Kg7 33. Rh4 h5 34. h3 Bf2 35. Bc3+ Kh6 36. Bd2+ Kg7 37. Bc3+ Kh6 38. Bd2+ Kg7 1/2-1/2

[Event "Late-Titled-Tuesday-Blitz-April-02-2024"]
[Site "Chess.com"]
[Date "2024.04.02"]
[Round "10"]
[White "Angry_Twin"]
[Black "BogdanDeac"]
[Result "1-0"]
[WhiteElo "2946"]
[BlackElo "3084"]
[TimeControl "180+1"]
[EndTime "15:52:58 PDT"]
[Termination "Angry_Twin won on time"]

1. e4 e5 2. Nf3 Nc6 3. Bc4 d6 4. c3 f5 5. d3 Qf6 6. Nbd2 Be7 7. Qb3 Nh6 8. a4 a6 9. a5 Nf7 10. Bd5 O-O 11. exf5 Qxf5 12. Ne4 Nd8 13. Neg5 h6 14. Be4 Qd7 15. h4 c6 16. Bh7+ Kh8 17. Bg6 Bf6 18. Ne4 Be7 19. Neg5 Bf6 20. Nh7 Rg8 21. Bxh6 d5 22. Bg5 Be7 23. O-O-O Qd6 24. h5 Bg4 25. Bxe7 Qxe7 26. Rde1 Qf6 27. Qd1 1-0

[Event "Late-Titled-Tuesday-Blitz-April-02-2024"]
[Site "Chess.com"]
[Date "2024.04.02"]
[Round "10"]
[White "Supelyel"]
[Black "Veganator13"]
[Result "0-1"]
[WhiteElo "2415"]
[BlackElo "2317"]
[TimeControl "180+1"]
[EndTime "15:52:58 PDT"]
[Termination "Veganator13 won by resignation"]

1. c4 g6 2. Nc3 Bg7 3. g3 c5 4. Bg2 Nc6 5. Nf3 d6 6. O-O Bf5 7.
d3 Qd7 8. Nd5 Rc8 9. h4 Bh3 10.
Rb1 Bxg2 11. Kxg2 e6 12. Nc3 Nf6 13. Bg5 Ng4 14. Qc1 h6 15. Bd2 d5 16. Re1 b6 17.
a3 O-O 18. b4 cxb4 19. axb4 dxc4 20. dxc4 Nce5 21. Nxe5 Nxe5 22. Bxh6 Bxh6 23. Qxh6 Rxc4 24. Nd1 Qc6+ 25. Kg1 Rd8 26. Ne3 Rcd4 27. Qg5 Qe4 28. Rbc1 Ng4 29. Nxg4 Qxg4 30. Qe7 R4d7 31. Qf6 Qxb4 32. h5 Qd4 33. Qf3 gxh5 34. Qxh5 Rd5 35. Qh4 Qxh4 36. gxh4 Rd4 37. Rc7 Rxh4 38. Rxa7 Rd5 39.
Rc1 Rg5+ 0-1

[Event "Late-Titled-Tuesday-Blitz-April-02-2024"]
[Site "Chess.com"]
[Date "2024.04.02"]
[Round "10"]
[White "Bilan_Danila"]
[Black "KorolDimitriy75"]
[Result "1-0"]
[WhiteElo "2551"]
[BlackElo "2348"]
[TimeControl "180+1"]
[EndTime "15:53:01 PDT"]
[Termination "Bilan_Danila won by checkmate"]

1. d4 Nf6 2. Nf3 g6 3. Bg5 Bg7 4. c3 c5 5. e3 Qb6 6. Qb3 d5 7. Nbd2 Nc6 8. Be2 c4 9. Qa3 O-O 10. b3 cxb3 11. axb3 Re8 12. O-O e5 13. dxe5 Nxe5 14.
Nxe5 Rxe5 15. Bf4 Re8 16. c4 Ne4 17. Nxe4 dxe4 18. Rad1 Bf8 19. Bd6 Be6 20. Bxf8 Rxf8 21. Rd6 Qc7 22. Rfd1 a6 23. c5 Rfc8 24. b4 a5 25. h3 axb4 26. Qxb4 Qxc5 27. Qxe4 b5 28. Rxe6 fxe6 29. Qxe6+ Kh8 30. Qf6+ Kg8 31. Rd7 Rf8 32.
Qg7# 1-0

[Event "Late-Titled-Tuesday-Blitz-April-02-2024"]
[Site "Chess.com"]
[Date "2024.04.02"]
[Round "10"]
[White "Walter_White_Poland"]
[Black "jinxy2009"]
[Result "0-1"]
[WhiteElo "2419"]
[BlackElo "2325"]
[TimeControl "180+1"]
[EndTime "15:53:08 PDT"]
[Termination "jinxy2009 won by resignation"]

1. e4 c5 2. Nf3 Nc6 3. Nc3 e5 4. Bc4 Be7 5. d3 Nf6 6. Nd2 O-O 7. Nf1 d6 8. Ne3 Be6 9. Ncd5 Nd7 10. a3 Nb6 11. Ba2 Bg5 12. h4 Bh6 13. Qh5 Nd4 14.
Kd1 Nxd5 15. Bxd5 Bxd5 16. Nxd5 Bxc1 17. Rxc1 f5 18. c3 Nb3 19. exf5 Nxc1 20. Kxc1 b5 21. Rh3 Qd7 22. g4 a5 23. Rg3 Qb7 24. Ne3 b4 25. g5 bxc3 26. bxc3 Rab8 27. Nc2 Qb1+ 28. Kd2 Rxf5 29. Qg4 Rxf2+ 30. Ke3 Qxc2 31. Qe6+ Kh8 32. Ke4 Rf4+ 33. Kd5 Qb3+ 34. Kxd6 Rb6+ 35. Kxc5 Qxe6 0-1

[Event "Late-Titled-Tuesday-Blitz-April-02-2024"]
[Site "Chess.com"]
[Date "2024.04.02"]
[Round "10"]
[White "PhileKhoob"]
[Black "FREZZY23"]
[Result "1-0"]
[WhiteElo "2294"]
[BlackElo "2413"]
[TimeControl "180+1"]
[EndTime "15:53:08 PDT"]
[Termination "PhileKhoob won by checkmate"]

1. Nf3 Nf6 2. g3 g6 3. Bg2 Bg7 4. O-O O-O 5. d4 d6 6. b3 Nc6 7. Bb2 a6 8. Re1 e5 9. dxe5 Ng4 10. Qc1 dxe5 11. h3 Nh6 12. Rd1 Qe7 13. Nc3 Be6 14.
e4 Nd4 15. Nxd4 exd4 16. Nd5 Bxd5 17. exd5 Nf5 18. Re1 Qd6 19. Ba3 Qb6 20. Bxf8 Bxf8 21.
Qd2 Bh6 22. Qd3 Rd8 23. Be4 Nd6 24. Bf3 Bg5 25. a4 Bf6 26. Re2 c5 27. h4 Qc7 28.
h5 c4 29. bxc4 Nxc4 30. Rae1 Kg7 31. Kg2 Ne5 32. Qe4 Qd7 33. Qf4 Nxf3 34. h6+ Kf8 35.
Qxf6 Nxe1+ 36. Kf1 Qh3+ 37. Kxe1 Qh1+ 38. Kd2 Qxh6+ 39. Kd3 Rxd5 40. Qh8# 1-0

[Event "Late-Titled-Tuesday-Blitz-April-02-2024"]
[Site "Chess.com"]
[Date "2024.04.02"]
[Round "10"]
[White "ChempionBg"]
[Black "shirovin"]
[Result "1-0"]
[WhiteElo "2247"]
[BlackElo "2052"]
[TimeControl "180+1"]
[EndTime "15:53:09 PDT"]
[Termination "ChempionBg won on time"]

1. d4 Nf6 2. c4 e6 3. Nf3 d5 4. g3 Be7 5. Bg2 O-O 6. O-O dxc4 7. Qc2 b5 8. a4 c6 9. Ne5 Nd5 10. Nc3 Bb7 11. axb5 cxb5 12. Nxb5 Qb6 13. Qxc4 Rc8 14. Qa4 Nc6 15. Nc3 Nxe5 16. Nxd5 Bxd5 17. Bxd5 exd5 18.
dxe5 Qe6 19. f4 Rc4 20. Qd1 Bc5+ 21. Kg2 Rc8 22. Qd3 Bb6 23. Bd2 d4 24. Rac1 Qd5+ 25. Qf3 1-0

[Event "Late-Titled-Tuesday-Blitz-April-02-2024"]
[Site "Chess.com"]
[Date "2024.04.02"]
[Round "10"]
[White "HipsterChess22"]
[Black "maurovargas01"]
[Result "1-0"]
[WhiteElo "2186"]
[BlackElo "1882"]
[TimeControl "180+1"]
[EndTime "15:53:10 PDT"]
[Termination "HipsterChess22 won by checkmate"]

1. d4 Nf6 2. Nc3 e6 3. e4 Bb4 4. e5 Ne4 5. Qd3 Nxc3 6. bxc3 Ba5 7. Qg3 g6 8. Bg5 f6 9. Bxf6 Nc6 10. Bxd8 Nxd8 11.
Qd3 O-O 12. Nf3 Nc6 13. h4 d6 14. exd6 cxd6 15. h5 e5 16. hxg6 e4 17. gxh7+ Kh8 18. Qc4 exf3 19. gxf3 Re8+ 20. Kd2 Be6 21. d5 Ne5 22.
Qd4 Bb6 23. dxe6 Bxd4 24. cxd4 Nxf3+ 25. Ke3 Ng5 26. d5 Rac8 27. Bd3 Rf8 28. f4 Nxe6 29. dxe6 Rf6 30. f5 Rc7 31. Rag1 Rxh7 32. Rxh7+ Kxh7 33. Kd4 b6 34. Kd5 Rf8 35. Kxd6 Rd8+ 36. Ke7 Rc8 37. Kf7 Rc7+ 38. e7 Kh6 39. f6 a5 40. Kf8 b5 41.
e8=Q Rf7+ 42. Qxf7 b4 43. Qg6# 1-0